 Dungeon Crawl Stone Soup version 0.32-a0-450-g080537f31e (webtiles) character file.

Game seed: 9297858465536919995

126 retardedninja the Trooper (level 4, -1/34 (40) HPs)
             Began as a Mountain Dwarf Fighter on Feb 23, 2024.
             Succumbed to Robin's poison
             ... on level 3 of the Dungeon.
             The game lasted 00:03:28 (1840 turns).

retardedninja the Trooper (Mountain Dwarf Fighter)  Turns: 1840, Time: 00:03:28

HP:   -1/34 (40)    AC:  9    Str: 21    XL:     4   Next: 84%
MP:   4/4           EV:  8    Int:  8    God:
Gold: 140           SH:  4    Dex:  9    Spells: 3/3 levels left

rFire   . . .        a - +0 war axe
rCold   . . .        c - +0 buckler
rNeg    . . .        k - +0 chain mail
rPois   .            (no helmet)
rElec   .            (no cloak)
rCorr   +            (no gloves)
SInv    .            (no boots)
Will    .....        h - amulet of guardian spirit Stlth
                     e - ring of resist corrosion
HPRegen 0.25/turn    (no ring)
MPRegen 0.09/turn

%: guardian spirit
@: lethally poisoned (-1 -> -23), heavily drained
A: runic magic, artefact enchanting
a: no special abilities


You were on level 3 of the Dungeon.
You visited 1 branch of the dungeon, and saw 3 of its levels.

You collected 140 gold pieces.

Inventory:

Hand Weapons
 a - a +0 war axe (weapon)
Armour
 b - a +0 scale mail
 c - a +0 buckler (worn)
 k - a +0 chain mail (worn)
Jewellery
 e - a ring of resist corrosion (left hand)
 h - an amulet of guardian spirit (around neck)
 t - a ring of resist corrosion
Scrolls
 f - 2 scrolls of identify {unknown}
 g - a scroll of poison {unknown}
 i - a scroll of amnesia {unknown}
 l - a scroll of revelation {unknown}
 s - 3 scrolls of teleportation {unknown}
Potions
 j - a potion of lignification {unknown}
 m - 2 potions of brilliance {unknown}
 n - a potion of mutation {unknown}
 o - a potion of enlightenment {unknown}
 p - 2 potions of attraction {unknown}
 q - a potion of degeneration {unknown}
 r - 2 potions of curing {unknown}


   Skills:
 + Level 4.2 Fighting
 + Level 3.6 Axes
 + Level 4.2 Armour
 + Level 4.1 Shields


You had 3 spell levels left.
You didn't know any spells.
Your spell library was empty.

Dungeon Overview and Level Annotations

Branches:
Dungeon (3/15)

Altars:

Shops:
D:1 !

Annotations:
D:3 Robin


Innate Abilities, Weirdness & Mutations

Your spellcasting is much less encumbered by armour.
You can use scrolls of enchantment on lesser artefacts.


Message History

You kill the goblin!
You slash the goblin!
You kill the goblin!
Robin hits you with a +0 dagger of venom.
You are poisoned.
You hit Robin.
Robin is heavily wounded.
You feel very sick. You block Robin's attack.
Unknown command.
You hit Robin.
Robin is severely wounded.
You feel very sick.
Robin's horned helmet rattles.
Robin hits you but does no damage.
You are more poisoned.
Robin hits you but does no damage.
You are more poisoned.
Unknown command.
You hit Robin but do no damage.
Robin is severely wounded.
You feel very sick. Robin hits you but does no damage.
Unknown command.
You barely miss Robin.
Robin is severely wounded.
You feel very sick. Robin hits you but does no damage.
You are lethally poisoned!
Unknown command.
You hit Robin.
Robin is almost dead.
* * * LOW HITPOINT WARNING * * *
You feel very sick. Robin hits you but does no damage.
You are more poisoned.
Robin hits you but does no damage.
You barely miss Robin.
Robin is almost dead.
You die...

#...... #.##... .
########.#.... ..
#............. ...
#..###........ ....
#..###..#..... .....
#..#..........
......#♣#♣#♣.♣....##....
♣....g@)...............
♣♣#.##♣#♣#♣.♣..........
#............
#......###... ######.#
#... ####.###...
#..........
♣#♣#♣#♣.♣#.##....
#.......##.##....


You could see Robin.

Vanquished Creatures
  4 gnolls (D:3)
  3 adders
  2 ribbon worms (D:2)
  5 ball pythons
  3 bats
  An endoplasm (D:1)
  A giant cockroach (D:1)
  16 goblins
  6 hobgoblins
  4 jackals (D:2)
  2 kobolds
  A quokka (D:1)
  A frilled lizard (D:2)
  3 rats
52 creatures vanquished.

Notes
Turn   | Place    | Note
-------+----------+-------------------------------------------
     0 | D:1      | retardedninja the Mountain Dwarf Fighter began the quest
                  | for the Orb.
     0 | D:1      | Reached XP level 1. HP: 19/19 MP: 1/1
   420 | D:1      | Found Gocrup's Distillery.
   435 | D:1      | Found a faded altar of an unknown god.
   532 | D:1      | Reached XP level 2. HP: 26/26 MP: 2/2
   890 | D:2      | Reached XP level 3. HP: 24/33 MP: 1/3
  1574 | D:3      | Reached XP level 4. HP: 37/40 MP: 2/4
  1812 | D:3      | Noticed Robin
  1840 | D:3      | Succumbed to Robin's poison

Illustrated notes

Levels and vault maps discovered:
D:1:      dpeg_arrival_lava_temple_mockup, layout_basic, serial_shops,
          nicolae_shop_industrial_runoff, hellmonk_ecumenical_altar_heavens_door
D:2:      layout_rooms, serial_forest, infiniplex_forest_side_room,
          infiniplex_forest_zigzag_1, infiniplex_forest_straight_2,
          infiniplex_forest_pool, infiniplex_forest_lined_3_way,
          reono_crystal_passage
D:3:      layout_loops_cross, xom_teletrap_fun, serial_forest,
          infiniplex_forest_lined_2, infiniplex_forest_straight_2,
          infiniplex_forest_end_2, infiniplex_forest_straight_1,
          infiniplex_forest_clump_cross, infiniplex_forest_lined_2,
          infiniplex_forest_lined_room_3, infiniplex_forest_lined_1,
          infiniplex_forest_straight_3, uniq_grinder, uniq_robin

Skill      XL: |  1  2  3  4 |
---------------+-------------+-----
Axes           | 3 |  3.6
Fighting       | 4 |  4.2
Armour         | 4 |  4.2
Shields        | 4 |  4.1

Action                     |  1- 3 |  4- 6 || total
---------------------------+-------+-------++-------
  Melee: War axe           |   127 |    35 ||   162
    Use: Potion            |       |     1 ||     1
 Armour: Chain mail        |   109 |    44 ||   153
         Scale mail        |     6 |       ||     6
  Dodge: Dodged            |    33 |    12 ||    45
  Block: Buckler           |    29 |    11 ||    40

Table legend: (Time is in decaauts)
 A = Elapsed time spent in this place.
 B = Non-inter-level travel time spent in this place.
 C = Inter-level travel time spent in this place.
 D = Time resting spent in this place.
 E = Time spent auto-exploring this place.
 F = Levels seen in this place.
 G = Mean time per level.
                   A        B        C        D        E       F      G
               +--------+--------+--------+--------+--------+-----+--------+
         Total |   1903 |   1852 |     51 |      0 |   1454 |   3 |  634.3 |
       Dungeon |   1903 |   1852 |     51 |      0 |   1454 |   3 |  634.3 |
               +--------+--------+--------+--------+--------+-----+--------+

Top non-repeatable levels by time:
     D:1: 871 daAuts
     D:2: 570 daAuts
     D:3: 460 daAuts
